 Dungeon Crawl Stone Soup version 0.22-a0-455-ga0624bf (webtiles) character file.

2436 MisterFreud the Cleaver (level 9, -1/64 HPs)
             Began as a Formicid Fighter on June 5, 2018.
             Was a Priest of Okawaru.
             Slain by a two-headed ogre
             ... wielding a +0 giant spiked club
              (22 damage)
             ... on level 8 of the Dungeon.
             The game lasted 00:12:03 (5148 turns).

MisterFreud the Cleaver (Formicid Fighter)          Turns: 5148, Time: 00:12:04

Health: -1/64      AC: 10    Str: 29    XL:     9   Next: 77%
Magic:  20/20      EV:  8    Int:  8    God:    Okawaru [***...]
Gold:   236        SH: 10    Dex: 10    Spells: 8/8 levels left

rFire    . . .     SeeInvis +   a - +0 war axe
rCold    . . .     Gourm    .   c - +0 shield
rNeg     . . .     Faith    .   b - +0 scale mail
rPois    .         Spirit   .   (helmet unavailable)
rElec    .         Reflect  .   (no cloak)
rCorr    .         Harm     .   p - +2 pair of gloves
MR       +....                  (no boots)
Stlth    ..........             (no amulet)
HPRegen  0.20/turn              n - ring of magical power
MPRegen  0.17/turn              q - ring of protection from magic

@: mighty
A: permanent stasis, dig shafts and tunnels, four strong arms, antennae 3
a: Dig, Shaft Self, Heroism, Renounce Religion


You were on level 8 of the Dungeon.
You worshipped Okawaru.
Okawaru was most pleased with you.
You were hungry.

You visited 1 branch of the dungeon, and saw 6 of its levels.

You collected 236 gold pieces.

Inventory:

Hand Weapons
 a - a +0 war axe (weapon)
Armour
 b - a +0 scale mail (worn)
 c - a +0 shield (worn)
 p - a +2 pair of gloves (worn)
Jewellery
 n - a ring of magical power (left hand)
 q - a ring of protection from magic (right hand)
Wands
 k - a wand of polymorph (17)
 v - a wand of flame (37)
Scrolls
 e - 3 scrolls of identify {unknown}
 h - 3 scrolls of remove curse {unknown}
 i - a scroll of enchant weapon {unknown}
 j - a scroll of fog {unknown}
 l - 2 scrolls of amnesia {unknown}
 m - a scroll of magic mapping {unknown}
 r - 2 scrolls of noise {unknown}
 w - a scroll of blinking {unknown}
Potions
 d - a potion of might
 g - a potion of curing
 o - a potion of experience {unknown}
 s - a potion of magic {unknown}
 u - a potion of degeneration {unknown}
Comestibles
 f - 16 rations


   Skills:
 - Level 3.2 Fighting
 + Level 12.0 Axes
 - Level 3.2 Armour
 - Level 3.6 Shields
 - Level 3.0 Invocations


You had 8 spell levels left.
You didn't know any spells.
Your spell library was empty.

Dungeon Overview and Level Annotations

Branches:
Dungeon (5/15)
 Temple: D:4-7

Altars:
Nemelex Xobeh
Okawaru
Xom
The Shining One


Innate Abilities, Weirdness & Mutations

You cannot be hasted, slowed, berserked, paralysed or teleported.
You can dig through walls and to a lower floor.
Your four strong arms can wield two-handed weapons with a shield.
You have a pair of large antennae on your head. (SInv)


Message History

You feel very mighty all of a sudden.
You slice the two-headed ogre!!
The two-headed ogre is heavily wounded.
The two-headed ogre hits you with a giant spiked club!!
You block the two-headed ogre's attack.
You are feeling hungry.
You slash the two-headed ogre!
The two-headed ogre is severely wounded.
The two-headed ogre hits you with a giant spiked club!
The two-headed ogre hits you but does no damage.
You barely miss the two-headed ogre.
The two-headed ogre is severely wounded.
You block the two-headed ogre's attack. The two-headed ogre closely misses you.
You slash the two-headed ogre!
The two-headed ogre is almost dead.
You completely miss the two-headed ogre.
The two-headed ogre is almost dead.
You block the two-headed ogre's attack.
The two-headed ogre hits you with a giant spiked club!!
You die...

#######.# #
#.......# ..
##.###### ... #.#
....##+##.#
........#.# ####
........'.# ....#
........#####.....#
...........@O.....#
...##########.....#
## ....# ...# ###


You could see a two-headed ogre.

Vanquished Creatures
  The ghost of KristoblXynda the Slasher, a novice NaGl of Cheibriados (D:4)
  Maurice (D:8)
  A hippogriff (D:8)
  A yak (D:8)
  3 hogs (D:8)
  A human (D:8)
  An ice beast (D:4)
  An ogre (D:4)
  The ghost of KristoblXynda the Slasher, an amateur NaGl (D:3)
  A phantom (D:4)
  A crimson imp (D:5)
  A bullfrog zombie (D:5)
  A jelly (D:8)
  A hound (D:8)
  2 orc priests
  2 orc wizards (D:4)
  3 bullfrog skeletons
  An iguana (D:8)
  A worker ant (D:4)
  A howler monkey zombie (D:5)
  9 adders
  A gnoll (D:1)
  A shadow imp (D:5)
  An ooze (D:3)
  An adder zombie (D:5)
  2 dart slugs (D:1)
  5 leopard geckos
  15 orcs
  A ball python (D:4)
  2 giant cockroaches
  6 goblins
  5 hobgoblins
  7 jackals
  3 kobolds
  9 bats
  6 frilled lizards
  6 rats
106 creatures vanquished.

Notes
Turn   | Place    | Note
-------+----------+-------------------------------------------
     0 | D:1      | MisterFreud the Formicid Fighter began the quest for the Orb.
     0 | D:1      | Reached XP level 1. HP: 18/18 MP: 1/1
    66 | D:1      | Reached XP level 2. HP: 20/24 MP: 2/2
   307 | D:1      | Reached skill level 3 in Axes
   307 | D:1      | Reached XP level 3. HP: 29/29 MP: 3/3
   850 | D:2      | Reached skill level 4 in Axes
   850 | D:2      | Reached XP level 4. HP: 29/35 MP: 4/4
   855 | D:2      | Found an iron altar of Okawaru.
   872 | D:2      | Became a worshipper of Warmaster Okawaru
  1168 | D:2      | Reached XP level 5. HP: 41/41 MP: 5/5
  1379 | D:3      | Noticed KristoblXynda's ghost (amateur NaGl)
  1395 | D:3      | Killed KristoblXynda's ghost
  1395 | D:3      | Reached skill level 5 in Axes
  1395 | D:3      | Reached XP level 6. HP: 23/47 MP: 6/6
  1793 | D:3      | Reached skill level 6 in Axes
  1902 | D:3      | Found a glowing golden altar of the Shining One.
  2186 | D:3      | You fall through a shaft for 2 floors!
  2186 | D:5      | Entered Level 5 of the Dungeon
  2186 | D:5      | Noticed an ice beast
  2202 | D:4      | Killed an ice beast
  2919 | D:4      | Reached XP level 7. HP: 52/52 MP: 7/7
  3004 | D:4      | Found a shimmering altar of Xom.
  3005 | D:4      | Found a shimmering altar of Xom.
  3006 | D:4      | Found a shimmering altar of Xom.
  3069 | D:4      | Reached skill level 7 in Axes
  3196 | D:4      | Noticed KristoblXynda's ghost (novice NaGl)
  3233 | D:5      | Reached * piety under Okawaru
  3468 | D:4      | Killed KristoblXynda's ghost
  3468 | D:4      | Reached skill level 9 in Axes
  3468 | D:4      | Reached XP level 8. HP: 58/58 MP: 8/8
  3708 | D:4      | Reached ** piety under Okawaru
  4168 | D:5      | You fall through a shaft for 3 floors!
  4364 | D:8      | Reached skill level 10 in Axes
  4378 | D:8      | Found a sparkling altar of Nemelex Xobeh.
  4470 | D:8      | Noticed a human
  4470 | D:8      | Noticed a hog
  4470 | D:8      | Noticed a yak
  4471 | D:8      | Noticed a hog
  4471 | D:8      | Noticed a hog
  4481 | D:8      | Killed a hog
  4485 | D:8      | Killed a hog
  4485 | D:8      | Reached XP level 9. HP: 44/64 MP: 11/11
  4493 | D:8      | Reached *** piety under Okawaru
  4493 | D:8      | Reached skill level 11 in Axes
  4758 | D:8      | Noticed a hippogriff
  4765 | D:8      | Killed a hippogriff
  4958 | D:8      | Noticed Maurice
  4975 | D:8      | Killed Maurice
  4975 | D:8      | Reached skill level 12 in Axes
  5138 | D:8      | Noticed a two-headed ogre
  5148 | D:8      | Slain by a two-headed ogre

Vault maps used:
D:1:      dpeg_arrival_renting
D:2:      okawaru_metal_pillars_1_2, first_ration
D:3:      tso_metal_star
D:4:      xom_redecorated
D:5:      temple_green, st_stairs_11
D:8:      lemuel_coloured_pillars_altar, nemelex_xobeh_ov_fountains_minmay,
          serial_shops, shop, grunt_livestock, uniq_prince_ribbit1, uniq_maurice

Skill      XL: |  1  2  3  4  5  6  7  8  9 |
---------------+----------------------------+-----
Axes           | 3 4 5 6 9 10 12 | 12.0
Invocations    | 3 |  3.0
Fighting       | |  3.2
Armour         | |  3.2
Shields        | |  3.6

Action                   |  1- 3 |  4- 6 |  7- 9 || total
-------------------------+-------+-------+-------++-------
Melee: War axe           |    84 |   122 |   219 ||   425
Invok: Heroism           |       |       |     1 ||     1
 Abil: Shaft Self        |       |       |     1 ||     1
Evoke: Wand              |       |       |     1 ||     1
  Use: Potion            |       |     2 |     2 ||     4
  Eat: Chunk             |       |     7 |     7 ||    14
Armor: Scale mail        |    34 |    68 |    72 ||   174
Dodge: Dodged            |    26 |    40 |    44 ||   110
Block: Shield            |    56 |    76 |    94 ||   226

Table legend:
 A = Spawn XP
 B = Non-spawn XP
 C = Spawn XP percentage of total XP
 D = Spawn monster count
 E = Non-spawn monster count
 F = Spawn count percentage of total count
 G = Total turns spent on level
                    A         B        C        D         E        F      G
               +---------+---------+-------+---------+---------+-------+---------
         Total |       0 |    3481 |   0.0 |       0 |     106 |   0.0 |  5148
               +---------+---------+-------+---------+---------+-------+---------
           D:1 |       0 |      49 |   0.0 |       0 |      20 |   0.0 |   767
           D:2 |       0 |     104 |   0.0 |       0 |      19 |   0.0 |   590
           D:3 |       0 |     165 |   0.0 |       0 |      14 |   0.0 |   991
           D:4 |       0 |    1105 |   0.0 |       0 |      24 |   0.0 |  1414
           D:5 |       0 |     213 |   0.0 |       0 |      13 |   0.0 |   406
           D:8 |       0 |    1845 |   0.0 |       0 |      16 |   0.0 |   980
               +---------+---------+-------+---------+---------+-------+---------
